 Dungeon Crawl Stone Soup version 0.27.0-1-g7a089689b8 (webtiles) character file.

Game seed: 18212814181790579538

405 ZombieSheep the Ducker (level 6, 0/47 HPs)
             Began as a Gnoll Wanderer on Aug 6, 2021.
             Was a Priest of Vehumet.
             Slain by a wyvern skeleton (9 damage)
             ... on level 6 of the Dungeon.
             The game lasted 00:13:41 (5659 turns).

ZombieSheep the Ducker (Gnoll Wanderer)             Turns: 5659, Time: 00:13:42

Health: 0/47       AC:  5    Str: 11    XL:     6   Next: 87%
Magic:  9/9        EV: 14    Int: 12    God:    Vehumet [***...]
Gold:   228        SH:  0    Dex: 13    Spells: 3/9 levels left

rFire    + . .     SeeInvis .   p - +2 dagger (venom)
rCold    . . .     Faith    .   (no shield)
rNeg     . . .     Spirit   .   m - +0 leather armour
rPois    .         Reflect  .   r - +0 helmet
rElec    .         Harm     .   n - +0 cloak
rCorr    .         Rampage  .   (no gloves)
Will     .....                  (no boots)
Stlth    ++........             (no amulet)
HPRegen  0.15/turn              j - ring of wizardry
MPRegen  0.11/turn              s - ring of protection from fire

@: no status effects
A: fangs 1, strong nose, distributed training
a: Renounce Religion


You were on level 6 of the Dungeon.
You worshipped Vehumet.
Vehumet was most pleased with you.
You visited 1 branch of the dungeon, and saw 6 of its levels.

You collected 228 gold pieces.

Inventory:

Hand Weapons
 a - a +2 mace
 p - a +2 dagger of venom (weapon)
Missiles
 q - 68 stones (quivered)
Armour
 m - a +0 leather armour (worn)
 n - a +0 cloak (worn)
 o - a +0 scale mail
 r - a +0 helmet (worn)
Jewellery
 j - a ring of wizardry (left hand)
 s - a ring of protection from fire (right hand)
 t - a ring of wizardry
Wands
 d - a wand of paralysis (13)
 f - a wand of flame (13)
Scrolls
 c - 2 scrolls of teleportation
 e - 3 scrolls of fear
 h - 4 scrolls of identify
Potions
 b - a potion of lignification
 g - a potion of curing
 i - 2 potions of haste
 k - a potion of ambrosia
 l - a potion of might {unknown}


   Skills:
 + Level 3.3 Fighting
 + Level 2.1 Short Blades
 + Level 2.1 Long Blades
 + Level 2.1 Axes
 + Level 5.0 Maces & Flails
 + Level 2.1 Polearms
 + Level 2.1 Staves
 + Level 2.1 Slings
 + Level 2.1 Bows
 + Level 2.1 Crossbows
 + Level 2.1 Throwing
 + Level 3.3 Armour
 + Level 6.9 Dodging
 + Level 3.2 Stealth
 + Level 2.1 Shields
 + Level 2.1 Unarmed Combat
 + Level 2.1 Spellcasting
 + Level 1.7 Conjurations
 + Level 1.7 Hexes
 + Level 1.7 Summonings
 + Level 1.7 Necromancy
 + Level 1.7 Translocations
 + Level 1.7 Transmutations
 + Level 1.7 Fire Magic
 + Level 1.7 Ice Magic
 + Level 1.7 Air Magic
 + Level 1.7 Earth Magic
 + Level 1.7 Poison Magic
 + Level 2.3 Invocations
 + Level 5.0 Evocations


You had 3 spell levels left.
You knew the following spells:

 Your Spells              Type           Power      Damage    Failure   Level
a - Sandblast             Erth           10%        2d5       2%          1
b - Poisonous Vapours     Pois/Air       10%        N/A       3%          2
c - Dazzling Flash        Conj/Hex       10%        N/A       6%          3

Your spell library contained the following spells:

 Spells                   Type           Power      Damage    Failure   Level
 Passwall                 Tmut/Erth      4%         N/A       11%         2
 Swiftness                Air            5%         N/A       21%         3
 Invisibility             Hex            2%         N/A       100%        6


Dungeon Overview and Level Annotations

Branches:
Dungeon (6/15)             Temple (0/1) D:5

Altars:
Ru
Vehumet
Yredelemnul
The Shining One

Shops:
D:1 (

Annotations:
D:5 Grinder


Innate Abilities, Weirdness & Mutations

You have very sharp teeth.
Your uncanny sense of smell can sniff out nearby items.
Your experience applies equally to all skills.


Message History

A wyvern skeleton comes into view.
There is a stone staircase leading up here.
You hit the wyvern skeleton.
The wyvern skeleton is lightly damaged.
The wyvern skeleton closely misses you. The wyvern skeleton barely misses you.
You hit the wyvern skeleton.
The wyvern skeleton is moderately damaged.
The wyvern skeleton closely misses you.
You hit the wyvern skeleton.
The wyvern skeleton is moderately damaged.
The wyvern skeleton bites you!
You hit the wyvern skeleton but do no damage.
The wyvern skeleton is moderately damaged.
The wyvern skeleton bites you!
You are too injured to fight recklessly!
You are too injured to fight recklessly!
You are too injured to fight recklessly!
You are too injured to fight recklessly!
You hit the wyvern skeleton.
The wyvern skeleton is heavily damaged.
The wyvern skeleton barely misses you.
You hit the wyvern skeleton.
The wyvern skeleton is severely damaged.
The wyvern skeleton closely misses you.
An ogre comes into view. It is wielding a +0 giant club.
You barely miss the wyvern skeleton.
The wyvern skeleton is severely damaged.
The wyvern skeleton closely misses you.
The wyvern skeleton bites you but does no damage.
You hit the wyvern skeleton.
The wyvern skeleton is severely damaged.
The wyvern skeleton closely misses you.
You hit the wyvern skeleton.
The wyvern skeleton is severely damaged.
The wyvern skeleton bites you. The wyvern skeleton bites you!
* * * LOW HITPOINT WARNING * * *
There is a stone staircase leading up here.
The wyvern skeleton bites you!
You die...

#### .#...#
#.....###
........####
...........## ∆
...####.OZ@.#
#..........#
#............
...............
###............
#............
#..#.........
...#........#


You could see an ogre and a wyvern skeleton.

Vanquished Creatures
  A scorpion (D:4)
  A hound (D:4)
  An orc priest (D:3)
  Terence (D:3)
  Natasha (D:2)
  2 iguanas
  Robin (D:2)
  A gnoll (D:1)
  4 adders
  3 worms
  2 dart slugs
  7 orcs
  12 ball pythons
  8 bats
  7 endoplasms
  6 giant cockroaches
  19 goblins
  11 hobgoblins
  3 jackals (D:3)
  3 quokkas
  2 frilled lizards (D:1)
  5 kobolds
  3 rats
104 creatures vanquished.

Vanquished Creatures (others)
  A fungus (D:1)
1 creature vanquished.

Grand Total: 105 creatures vanquished

Notes
Turn   | Place    | Note
-------+----------+-------------------------------------------
     0 | D:1      | ZombieSheep the Gnoll Wanderer began the quest for the Orb.
     0 | D:1      | ZombieSheep set off with the following items: a +2 mace, a
                  | potion of lignification, a scroll of teleportation, a +0
                  | robe
     0 | D:1      | Reached XP level 1. HP: 17/17 MP: 1/1
   253 | D:1      | Reached XP level 2. HP: 17/23 MP: 2/2
   740 | D:1      | Reached XP level 3. HP: 28/28 MP: 3/3
  1065 | D:1      | Found Pyeh's Antique Weapon Boutique.
  1159 | D:1      | Found a faded altar of an unknown god.
  1334 | D:1      | Reached skill level 1 in Invocations
  1385 | D:1      | Became a worshipper of Vehumet
  1385 | D:1      | Reached * piety under Vehumet
  1385 | D:1      | Offered knowledge of Sandblast by Vehumet.
  1688 | D:1      | Learned a level 1 spell: Sandblast
  2157 | D:2      | Noticed Natasha
  2167 | D:2      | Reached skill level 1 in Short Blades
  2167 | D:2      | Reached skill level 1 in Long Blades
  2167 | D:2      | Reached skill level 1 in Axes
  2167 | D:2      | Reached skill level 1 in Polearms
  2167 | D:2      | Reached skill level 1 in Staves
  2167 | D:2      | Reached skill level 1 in Slings
  2167 | D:2      | Reached skill level 1 in Bows
  2167 | D:2      | Reached skill level 1 in Crossbows
  2167 | D:2      | Reached skill level 1 in Throwing
  2167 | D:2      | Reached skill level 1 in Shields
  2167 | D:2      | Reached skill level 1 in Unarmed Combat
  2167 | D:2      | Reached skill level 1 in Spellcasting
  2171 | D:2      | Killed Natasha
  2172 | D:2      | Reached XP level 4. HP: 29/34 MP: 5/5
  2301 | D:2      | Reached skill level 1 in Conjurations
  2301 | D:2      | Reached skill level 1 in Hexes
  2301 | D:2      | Reached skill level 1 in Summonings
  2301 | D:2      | Reached skill level 1 in Necromancy
  2301 | D:2      | Reached skill level 1 in Translocations
  2301 | D:2      | Reached skill level 1 in Transmutations
  2301 | D:2      | Reached skill level 1 in Fire Magic
  2301 | D:2      | Reached skill level 1 in Ice Magic
  2301 | D:2      | Reached skill level 1 in Air Magic
  2301 | D:2      | Reached skill level 1 in Earth Magic
  2301 | D:2      | Reached skill level 1 in Poison Magic
  2455 | D:2      | Offered knowledge of Poisonous Vapours by Vehumet.
  2519 | D:2      | Reached ** piety under Vehumet
  2536 | D:2      | Learned a level 2 spell: Poisonous Vapours
  2771 | D:2      | Noticed Robin
  2785 | D:2      | Reached XP level 5. HP: 40/40 MP: 1/6
  2974 | D:2      | Killed Robin
  3336 | D:3      | Found a sacrificial altar of Ru.
  3454 | D:3      | Noticed Terence
  3488 | D:3      | Killed Terence
  3488 | D:3      | Offered knowledge of Dazzling Flash by Vehumet.
  3582 | D:3      | Found a glowing golden altar of the Shining One.
  3693 | D:3      | Reached XP level 6. HP: 40/47 MP: 5/8
  3890 | D:3      | Found a basalt altar of Yredelemnul.
  4620 | D:4      | Reached *** piety under Vehumet
  4786 | D:4      | Reached skill level 5 in Maces & Flails
  4786 | D:4      | Reached skill level 5 in Evocations
  4790 | D:4      | Learned a level 3 spell: Dazzling Flash
  5246 | D:5      | Entered Level 5 of the Dungeon
  5286 | D:5      | Noticed Grinder
  5291 | D:5      | Paralysed by Grinder for 3 turns
  5521 | D:5      | Found a staircase to the Ecumenical Temple.
  5659 | D:6      | Slain by a wyvern skeleton

Illustrated notes

Levels and vault maps discovered:
D:1:      lightli_arrival_farm, layout_basic, serial_shops, nicolae_shop_trees,
          shapermc_ecumenical_altar_mp_urbaneastern, st_stairs_3
D:2:      kb_forest_paths, layout_loops_corners, uniq_robin, uniq_natasha
D:3:      layout_basic, old_standard_altar, mainiacjoe_overflow_tiny_flanked,
          mainiacjoe_overflow_surrounded_room, uniq_terence
D:4:      layout_loops_ring
D:5:      layout_gridville, minmay_temple_entry_hall,
          chequers_serial_rivers_micro_a, uniq_grinder
D:6:      layout_cave_pools, eat_drink_and_be_merry_uskayaw,
          ebering_ghost_sewer_f, minmay_joined_circles

Skill      XL: |  1  2  3  4  5  6 |
---------------+-------------------+-----
Invocations    | 1 2 |  2.3
Short Blades   | 1 2 |  2.1
Long Blades    | 1 2 |  2.1
Axes           | 1 2 |  2.1
Polearms       | 1 2 |  2.1
Staves         | 1 2 |  2.1
Slings         | 1 2 |  2.1
Bows           | 1 2 |  2.1
Crossbows      | 1 2 |  2.1
Throwing       | 1 2 |  2.1
Shields        | 1 2 |  2.1
Unarmed Combat | 1 2 |  2.1
Spellcasting   | 1 2 |  2.1
Conjurations   | 1 |  1.7
Hexes          | 1 |  1.7
Summonings     | 1 |  1.7
Necromancy     | 1 |  1.7
Translocations | 1 |  1.7
Transmutations | 1 |  1.7
Fire Magic     | 1 |  1.7
Ice Magic      | 1 |  1.7
Air Magic      | 1 |  1.7
Earth Magic    | 1 |  1.7
Poison Magic   | 1 |  1.7
Fighting       | 3 |  3.3
Armour         | 3 |  3.3
Stealth        | 3 |  3.2
Maces & Flails | 5 |  5.0
Evocations     | 5 |  5.0
Dodging        | |  6.9

Action                   |  1- 3 |  4- 6 || total
-------------------------+-------+-------++-------
Melee: Mace              |    84 |    75 ||   159
       Bite              |    13 |    13 ||    26
       Dagger            |       |   120 ||   120
Throw: Throwing net      |     2 |     1 ||     3
 Cast: Poisonous Vapours |       |    29 ||    29
       Sandblast         |       |    19 ||    19
       Dazzling Flash    |       |     1 ||     1
  Use: Scroll            |     2 |     7 ||     9
       Potion            |       |     2 ||     2
 Stab: Sleeping          |     9 |     6 ||    15
       Held in net/web   |     1 |       ||     1
Armor: Robe              |    16 |    20 ||    36
       Leather armour    |       |     4 ||     4
Dodge: Dodged            |    57 |   112 ||   169
